Map: Dusk Towers

Players

SHIRU

  • Race: Terran Terran
  • League: Gold

Miszu - Winner!

  • Race: Terran Terran
  • League: Grandmaster

VOD

Have the link to the VOD?

Description

Time

  • Played on: May 13, 2016, 12:05 p.m.
  • Length: 4:11
Show
View Real Time Build Order
Export as new Build Order

SHIRU Terran 

Build Orders:  

Get SALT Encoding   

  12  0:01  SCV  
  13  0:13  SCV  
  14  0:19  Supply Depot  
  14  0:25  SCV  
  15  0:40  SCV  
  15  0:42  Barracks  
  16  0:54  SCV  
  16  0:57  Refinery  
  17  1:01  Refinery  
  17  1:06  SCV  
  18  1:20  SCV  
  19  1:34  Orbital Command  
  19  1:35  Reaper  
  20  2:02  Factory  
  20  2:05  Supply Depot, SCV  
  20  2:07  Reaper  
  22  2:18  SCV  
  23  2:30  SCV  
  23  2:34  Command Center  
  24  2:42  SCV  
  25  2:48  Starport, Widow Mine  
  25  2:49  Barracks Reactor  
  27  2:59  Engineering Bay  
  27  3:16  Widow Mine  
  29  3:26  Reaper x2  
  31  3:32  Starport Tech Lab  
  31  3:34  Missile Turret  
Show
View Real Time Build Order
Export as new Build Order

Miszu Terran - Winner!

Build Orders: 1/1/1 

Get SALT Encoding   

  12  0:01  SCV  
  13  0:13  SCV  
  14  0:17  Supply Depot  
  14  0:25  SCV  
  14  0:27  Refinery  
  15  0:38  SCV  
  16  0:45  Barracks  
  16  0:50  SCV  
  16  0:55  Refinery  
  17  1:03  SCV  
  18  1:15  SCV  
  19  1:27  SCV  
  20  1:33  Factory  
  20  1:35  Reaper  
  21  1:41  Orbital Command  
  21  1:50  Supply Depot  
  21  2:07  Reaper, SCV  
  23  2:16  Hellion  
  23  2:17  Starport  
  23  2:21  SCV  
  26  2:27  Supply Depot  
  26  2:34  SCV  
  27  2:39  Reaper  
  27  2:40  Hellion  
  30  2:47  SCV  
  31  2:55  Medivac  
  33  3:01  Supply Depot  
  33  3:02  Hellion  
  35  3:23  Barracks Tech Lab  
  35  3:24  SCV  
  36  3:36  SCV  
  37  3:43  Command Center  
Tags
 
Matchup
TvT
Opening
1/1/1
Race
Terran
Add a new tag
Caveats
  • Supply blocks, unpowered buildings, or Contaminate may cause inaccurate times.
  • Supply counts are checked every 10 seconds.